Connexion

Marlies vs Comets

Created - 12 août 2023 at 05:51

Goals
1 2 3 T
Marlies 1 1 1 3
Comets 3 2 0 5
Shots
1 2 3 T
Marlies 8 12 10 30
Comets 13 15 6 34

GoalsPenalties
1st period
1. Comets , Chase De Leo 3 (Josh Archibald 3, Trevor Lewis 4) at 8:43
2. Marlies , Cal O'Reilly 2 (Calle Sjalin 3, Loui Eriksson 6) at 15:30
3. Comets , Chase De Leo 4 (Trevor Lewis 5, Markus Niemelainen 3) at 16:37
4. Comets , Markus Niemelainen 1 (Brandon Davidson 2, Chris Terry 2) at 19:28 (PP)
Trevor Lewis (UTI) for High sticking (Minor) at 12:59
Brad Malone (TOR) for Hooking (Minor) at 19:00
2nd period
5. Comets , Oskar Lindblom 2 (Brandon Davidson 3, Chris Terry 3) at 0:36
6. Comets , Derek Ryan 3 (Brandon Davidson 4, Oskar Lindblom 5) at 4:14
7. Marlies , Calvin De Haan 1 (Max McCormick 5, Dylan Blujus 6) at 13:37
Dylan Blujus (TOR) for Interference (Minor) at 7:27
Tyler Lewington (TOR) for Holding Stick (Minor) at 13:57
Brett Gallant (TOR) for Holding (Minor) at 15:16
3rd period
8. Marlies , Brad Malone 3 (Max McCormick 6, Tim Schaller 2) at 0:15
Dylan Blujus (TOR) for Hooking (Minor) at 4:34
Frederik Gauthier (UTI) for Slashing (Minor) at 6:49
Griffin Reinhart (UTI) for Charging (Minor) at 17:26
Goalie Stats
Cale Morris (TOR), 19 saves from 20 shots - (0,950), 39:24 minutes
Daniel Mannella (TOR), 10 saves from 14 shots - (0,714), L, 3-4-0, 20:36 minutes
David Rittich (UTI), 27 saves from 30 shots - (0,900), W, 5-0-0, 60:00 minutes
3 StarsOfficial
1 - Markus Niemelainen (UTI)
2 - Chase De Leo (UTI)
3 - Brandon Davidson (UTI)
Referees : Don VanMassenhoven and Rob Martell
Linesman : Mark Pare and Lonnie Cameron
Game Note
Cale Morris enters game at 0:36 of 2nd period
Finance
Level 1 -- Attendance: 2000 (100,00%) -- Ticket Income 70 000 $
Level 2 -- Attendance: 1000 (100,00%) -- Ticket Income 15 000 $
Total Attendance: 3000 (100,00%)
Total Ticket Income: 85 000 $
Other Income: 17 000 $
Total Income: 102 000 $



Team Name Goals Shots Shots Attemp Shots Blocked PIM HIT PP PK FO%
Marlies 330601510160 / 3 (0%)133%
Comets 53481106181 / 5 (20%)067%

Marlies
Player Name POS G A P +/- PIM HIT SHT SB MP PP MP PP SHT PK MP PK SHT FO% FOT
Brad Malone C/LW1011225024:263:3613:04032% 41
Brett GallantLW000-2222018:511:5312:48067% 3
Cal O'ReillyC101-2012018:372:2102:06045% 22
Calle SjalinD0111002016:070:0002:0000% 0
Calvin De HaanD1011003424:512:3403:2400% 0
Dylan BlujusD0111412523:393:0711:4100% 0
Grant BesseLW/RW0000020014:560:0000:3400% 0
Ian McCoshenD000-3020220:322:5004:2300% 0
Josh WesleyD0001011014:410:0000:3400% 0
Kristian VesalainenLW/RW0000001114:220:0000:0000% 1
Loui ErikssonLW/RW011-2002016:312:2100:0000% 1
Mathias Brome LW000000003:360:0000:0000% 0
Max McCormickC/LW0221007020:283:3622:410100% 1
Mitchell HeardC000000103:360:0000:00050% 2
Skyler McKenzieLW000000000:280:2800:0000% 0
Tim SchallerC/LW/RW0111002019:353:3611:4800% 0
Tyler LewingtonD000-3210120:073:2303:2600% 0
Victor EjdsellC0000040216:080:0001:46016% 19
Comets
Player Name POS G A P +/- PIM HIT SHT SB MP PP MP PP SHT PK MP PK SHT FO% FOT
Brandon DavidsonD0332010123:553:1803:1100% 0
Brendan SmithD0000022120:584:2002:4600% 0
Chase De LeoC/LW2021004016:563:1911:0000% 1
Chris TerryLW/RW0221023123:304:2502:200100% 2
Cliff PuRW000002106:040:0000:000100% 1
Dennis YanLW000002207:570:0001:53050% 2
Derek RyanC1011014123:364:1902:32079% 28
Frederik GauthierC000-1203010:580:0600:00080% 10
Griffin ReinhartD000-1200115:060:0600:0000% 0
Josh ArchibaldRW0111021015:563:1900:00050% 2
Kevin CzucmanD000-1010315:070:0600:0000% 0
Markus NiemelainenD1122022223:553:1823:1100% 0
Matt BartkowskiD0000000020:584:2002:4600% 0
Michael JolyRW000-1024010:530:0000:0000% 1
Michael RafflLW/RW000-1011011:090:0600:1000% 0
Oskar LindblomLW/RW1121004023:414:1912:37060% 10
Santeri VirtanenC000000006:040:0000:00057% 7
Trevor LewisC/RW0221203017:173:1921:22058% 26



Play-by-Play

1st period


0:01 of 1st period - Derek Ryan wins face-off versus Brad Malone in neutral zone.
0:54 of 1st period - Shot by Cal O'Reilly.
0:54 of 1st period - Stopped by David Rittich without a rebound.
0:55 of 1st period - Trevor Lewis wins face-off versus Victor Ejdsell in Comets zone.
1:29 of 1st period - Trevor Lewis is hit by Victor Ejdsell and loses puck.
1:55 of 1st period - Shot by Loui Eriksson.
1:55 of 1st period - Stopped by David Rittich with a rebound.
2:29 of 1st period - Icing by Griffin Reinhart.
2:30 of 1st period - Frederik Gauthier wins face-off versus Brad Malone in Comets zone.
2:49 of 1st period - Shot by Brad Malone .
2:49 of 1st period - Shot Misses the Net.
4:15 of 1st period - Derek Ryan is hit by Brett Gallant and loses puck.
5:14 of 1st period - Mathias Brome is hit by Brendan Smith and loses puck.
5:20 of 1st period - Icing by Matt Bartkowski.
5:21 of 1st period - Victor Ejdsell wins face-off versus Trevor Lewis in Comets zone.
5:21 of 1st period - Victor Ejdsell is hit by Brendan Smith.
5:26 of 1st period - Icing by Brendan Smith.
5:27 of 1st period - Trevor Lewis wins face-off versus Victor Ejdsell in Comets zone.
5:27 of 1st period - Trevor Lewis is hit by Grant Besse.
6:20 of 1st period - Off-side.
6:21 of 1st period - Cal O'Reilly wins face-off versus Santeri Virtanen in neutral zone.
6:21 of 1st period - Loui Eriksson is hit by Cliff Pu and loses puck.
6:34 of 1st period - Shot by Cal O'Reilly.
6:34 of 1st period - Shot Misses the Net.
6:36 of 1st period - Shot by Brett Gallant.
6:36 of 1st period - Stopped by David Rittich without a rebound.
6:37 of 1st period - Frederik Gauthier wins face-off versus Brad Malone in Comets zone.
6:37 of 1st period - Markus Niemelainen is hit by Brad Malone and loses puck.
6:50 of 1st period - Shot by Michael Joly.
6:50 of 1st period - Stopped by Daniel Mannella without a rebound.
6:51 of 1st period - Cal O'Reilly wins face-off versus Santeri Virtanen in Marlies zone.
6:51 of 1st period - Cal O'Reilly is hit by Dennis Yan.
6:54 of 1st period - Icing by Josh Wesley.
6:55 of 1st period - Derek Ryan wins face-off versus Cal O'Reilly in Marlies zone.
7:43 of 1st period - Off-side.
7:44 of 1st period - Cliff Pu wins face-off versus Brad Malone in neutral zone.
7:49 of 1st period - Shot by Brandon Davidson.
7:49 of 1st period - Deflect By Dennis Yan.
7:49 of 1st period - Stopped by Daniel Mannella without a rebound.
7:50 of 1st period - Brad Malone wins face-off versus Dennis Yan in Marlies zone.
8:30 of 1st period - Shot by Brad Malone .
8:30 of 1st period - Stopped by David Rittich without a rebound.
8:31 of 1st period - Trevor Lewis wins face-off versus Cal O'Reilly in Comets zone.
8:39 of 1st period - Shot by Chase De Leo.
8:39 of 1st period - Shot Misses the Net.
8:41 of 1st period - Shot by Josh Archibald.
8:41 of 1st period - Stopped by Daniel Mannella with a rebound.
8:43 of 1st period - Shot by Chase De Leo.
8:43 of 1st period - Goal by Chase De Leo - Marlies : 0 - Comets : 1.
8:44 of 1st period - Derek Ryan wins face-off versus Victor Ejdsell in neutral zone.
9:22 of 1st period - Griffin Reinhart is hit by Victor Ejdsell and loses puck.
9:40 of 1st period - Icing by Calle Sjalin.
9:41 of 1st period - Trevor Lewis wins face-off versus Victor Ejdsell in Marlies zone.
10:09 of 1st period - Shot by Max McCormick.
10:09 of 1st period - Shot Misses the Net.
10:36 of 1st period - Max McCormick is hit by Markus Niemelainen and loses puck.
11:15 of 1st period - Shot by Michael Joly.
11:15 of 1st period - Stopped by Daniel Mannella with a rebound.
11:17 of 1st period - Shot by Brendan Smith.
11:17 of 1st period - Stopped by Daniel Mannella with a rebound.
11:31 of 1st period - Shot by Michael Raffl.
11:31 of 1st period - Shot Misses the Net.
11:33 of 1st period - Shot by Frederik Gauthier.
11:33 of 1st period - Stopped by Daniel Mannella without a rebound.
11:34 of 1st period - Derek Ryan wins face-off versus Brad Malone in Marlies zone.
11:35 of 1st period - Shot by Oskar Lindblom.
11:35 of 1st period - Shot Misses the Net.
11:37 of 1st period - Shot by Kevin Czucman.
11:37 of 1st period - Shot Blocked by Dylan Blujus.
12:03 of 1st period - Mathias Brome is hit by Chris Terry and loses puck.
12:08 of 1st period - Shot by Chris Terry.
12:08 of 1st period - Shot Blocked by Dylan Blujus.
12:20 of 1st period - Icing by Derek Ryan.
12:21 of 1st period - Oskar Lindblom wins face-off versus Victor Ejdsell in Comets zone.
12:21 of 1st period - Oskar Lindblom is hit by Grant Besse.
12:26 of 1st period - Chris Terry is hit by Josh Wesley and loses puck.
12:45 of 1st period - Shot by Dennis Yan.
12:45 of 1st period - Shot Misses the Net.
12:57 of 1st period - Shot by Brendan Smith.
12:57 of 1st period - Stopped by Daniel Mannella without a rebound.
12:58 of 1st period - Cal O'Reilly wins face-off versus Trevor Lewis in Marlies zone.
12:58 of 1st period - Cal O'Reilly is hit by Josh Archibald.
12:59 of 1st period - Minor Penalty to Trevor Lewis for High sticking.
13:00 of 1st period - Cal O'Reilly wins face-off versus Oskar Lindblom in Comets zone.
13:25 of 1st period - Shot by Brett Gallant.
13:25 of 1st period - Stopped by David Rittich with a rebound.
13:52 of 1st period - Shot by Brad Malone .
13:52 of 1st period - Shot Misses the Net.
14:12 of 1st period - Shot by Tim Schaller.
14:12 of 1st period - Stopped by David Rittich without a rebound.
14:13 of 1st period - Oskar Lindblom wins face-off versus Brad Malone in Comets zone.
15:04 of 1st period - Shot by Josh Archibald.
15:04 of 1st period - Shot Misses the Net.
15:16 of 1st period - Shot by Kristian Vesalainen.
15:16 of 1st period - Stopped by David Rittich without a rebound.
15:17 of 1st period - Cal O'Reilly wins face-off versus Michael Joly in Comets zone.
15:30 of 1st period - Shot by Cal O'Reilly.
15:30 of 1st period - Goal by Cal O'Reilly - Marlies : 1 - Comets : 1.
15:31 of 1st period - Trevor Lewis wins face-off versus Victor Ejdsell in neutral zone.
15:34 of 1st period - Shot by Chase De Leo.
15:34 of 1st period - Shot Blocked by Ian McCoshen.
15:38 of 1st period - Shot by Chase De Leo.
15:38 of 1st period - Stopped by Daniel Mannella without a rebound.
15:39 of 1st period - Cal O'Reilly wins face-off versus Derek Ryan in Marlies zone.
15:39 of 1st period - Cal O'Reilly is hit by Derek Ryan.
16:15 of 1st period - Shot by Chris Terry.
16:15 of 1st period - Stopped by Daniel Mannella without a rebound.
16:16 of 1st period - Trevor Lewis wins face-off versus Brad Malone in Marlies zone.
16:17 of 1st period - Shot by Josh Archibald.
16:17 of 1st period - Deflect By Trevor Lewis.
16:17 of 1st period - Shot Blocked by Dylan Blujus.
16:19 of 1st period - Shot by Trevor Lewis.
16:19 of 1st period - Shot Misses the Net.
16:21 of 1st period - Shot by Trevor Lewis.
16:21 of 1st period - Shot Misses the Net.
16:23 of 1st period - Shot by Chase De Leo.
16:23 of 1st period - Shot Misses the Net.
16:37 of 1st period - Shot by Trevor Lewis.
16:37 of 1st period - Deflect By Chase De Leo.
16:37 of 1st period - Goal by Chase De Leo - Marlies : 1 - Comets : 2.
16:38 of 1st period - Frederik Gauthier wins face-off versus Victor Ejdsell in neutral zone.
16:57 of 1st period - Shot by Grant Besse.
16:57 of 1st period - Deflect By Kristian Vesalainen.
16:57 of 1st period - Shot Blocked by Kevin Czucman.
17:23 of 1st period - Griffin Reinhart is hit by Victor Ejdsell and loses puck.
17:38 of 1st period - Shot by Max McCormick.
17:38 of 1st period - Shot Blocked by Kevin Czucman.
18:01 of 1st period - Icing by Calvin De Haan.
18:02 of 1st period - Derek Ryan wins face-off versus Brad Malone in Marlies zone.
18:06 of 1st period - Icing by Brad Malone .
18:07 of 1st period - Derek Ryan wins face-off versus Brad Malone in Marlies zone.
18:17 of 1st period - Calvin De Haan is hit by Markus Niemelainen and loses puck.
18:32 of 1st period - Icing by Dylan Blujus.
18:33 of 1st period - Trevor Lewis wins face-off versus Brad Malone in Marlies zone.
18:41 of 1st period - Josh Archibald is hit by Dylan Blujus.
19:00 of 1st period - Minor Penalty to Brad Malone for Hooking.
19:01 of 1st period - Derek Ryan wins face-off versus Brett Gallant in Marlies zone.
19:22 of 1st period - Shot by Oskar Lindblom.
19:22 of 1st period - Stopped by Daniel Mannella with a rebound.
19:24 of 1st period - Shot by Chris Terry.
19:24 of 1st period - Shot Misses the Net.
19:26 of 1st period - Shot by Brandon Davidson.
19:26 of 1st period - Shot Misses the Net.
19:28 of 1st period - Shot by Markus Niemelainen.
19:28 of 1st period - Goal by Markus Niemelainen - Marlies : 1 - Comets : 3.
19:29 of 1st period - Trevor Lewis wins face-off versus Victor Ejdsell in neutral zone.
Goals for this period are 1 for Marlies vs 3 for Comets.
Shots for this period are 8 for Marlies vs 13 for Comets.

2nd period


0:01 of 2nd period - Derek Ryan wins face-off versus Brad Malone in neutral zone.
0:03 of 2nd period - Off-side.
0:04 of 2nd period - Brad Malone wins face-off versus Oskar Lindblom in neutral zone.
0:28 of 2nd period - Icing by Brandon Davidson.
0:29 of 2nd period - Chris Terry wins face-off versus Cal O'Reilly in Comets zone.
0:36 of 2nd period - Shot by Oskar Lindblom.
0:36 of 2nd period - Goal by Oskar Lindblom - Marlies : 1 - Comets : 4.
0:36 of 2nd period - Cale Morris enters game.
0:37 of 2nd period - Cal O'Reilly wins face-off versus Trevor Lewis in neutral zone.
0:58 of 2nd period - Icing by Matt Bartkowski.
0:59 of 2nd period - Max McCormick wins face-off versus Josh Archibald in Comets zone.
1:00 of 2nd period - Shot by Tim Schaller.
1:00 of 2nd period - Stopped by David Rittich without a rebound.
1:01 of 2nd period - Derek Ryan wins face-off versus Brad Malone in Comets zone.
1:26 of 2nd period - Max McCormick is hit by Chris Terry and loses puck.
1:39 of 2nd period - Shot by Chris Terry.
1:39 of 2nd period - Stopped by Cale Morris without a rebound.
1:40 of 2nd period - Santeri Virtanen wins face-off versus Cal O'Reilly in Marlies zone.
1:40 of 2nd period - Santeri Virtanen is hit by Tyler Lewington.
2:34 of 2nd period - Icing by Dennis Yan.
2:35 of 2nd period - Santeri Virtanen wins face-off versus Brad Malone in Comets zone.
2:56 of 2nd period - Shot by Max McCormick.
2:56 of 2nd period - Stopped by David Rittich without a rebound.
2:57 of 2nd period - Victor Ejdsell wins face-off versus Derek Ryan in Comets zone.
3:29 of 2nd period - Shot by Kristian Vesalainen.
3:29 of 2nd period - Shot Blocked by Chris Terry.
3:31 of 2nd period - Shot by Victor Ejdsell.
3:31 of 2nd period - Shot Misses the Net.
3:33 of 2nd period - Shot by Josh Wesley.
3:33 of 2nd period - Stopped by David Rittich without a rebound.
3:34 of 2nd period - Brad Malone wins face-off versus Trevor Lewis in Comets zone.
3:39 of 2nd period - Shot by Tim Schaller.
3:39 of 2nd period - Deflect By Brad Malone .
3:39 of 2nd period - Stopped by David Rittich without a rebound.
3:40 of 2nd period - Trevor Lewis wins face-off versus Brad Malone in Comets zone.
4:00 of 2nd period - Shot by Max McCormick.
4:00 of 2nd period - Stopped by David Rittich with a rebound.
4:04 of 2nd period - Shot by Brad Malone .
4:04 of 2nd period - Stopped by David Rittich without a rebound.
4:05 of 2nd period - Oskar Lindblom wins face-off versus Cal O'Reilly in Comets zone.
4:14 of 2nd period - Shot by Derek Ryan.
4:14 of 2nd period - The goal is going for a video replay.
4:14 of 2nd period - The goal is good.
4:14 of 2nd period - Goal by Derek Ryan - Marlies : 1 - Comets : 5.
4:15 of 2nd period - Frederik Gauthier wins face-off versus Victor Ejdsell in neutral zone.
4:28 of 2nd period - Shot by Frederik Gauthier.
4:28 of 2nd period - Stopped by Cale Morris with a rebound.
4:30 of 2nd period - Shot by Michael Joly.
4:30 of 2nd period - Stopped by Cale Morris without a rebound.
4:31 of 2nd period - Brad Malone wins face-off versus Derek Ryan in Marlies zone.
4:46 of 2nd period - Icing by Brandon Davidson.
4:47 of 2nd period - Derek Ryan wins face-off versus Cal O'Reilly in Comets zone.
4:58 of 2nd period - Shot by Oskar Lindblom.
4:58 of 2nd period - Stopped by Cale Morris with a rebound.
5:24 of 2nd period - Shot by Brett Gallant.
5:24 of 2nd period - Shot Misses the Net.
5:26 of 2nd period - Shot by Loui Eriksson.
5:26 of 2nd period - Stopped by David Rittich with a rebound.
5:42 of 2nd period - Shot by Max McCormick.
5:42 of 2nd period - Stopped by David Rittich without a rebound.
5:43 of 2nd period - Victor Ejdsell wins face-off versus Trevor Lewis in Comets zone.
5:56 of 2nd period - Shot by Chase De Leo.
5:56 of 2nd period - Shot Misses the Net.
5:58 of 2nd period - Shot by Chase De Leo.
5:58 of 2nd period - Shot Misses the Net.
6:31 of 2nd period - Icing by Calle Sjalin.
6:32 of 2nd period - Frederik Gauthier wins face-off versus Victor Ejdsell in Marlies zone.
6:47 of 2nd period - Shot by Griffin Reinhart.
6:47 of 2nd period - Shot Blocked by Kristian Vesalainen.
6:49 of 2nd period - Shot by Frederik Gauthier.
6:49 of 2nd period - Stopped by Cale Morris without a rebound.
6:50 of 2nd period - Brad Malone wins face-off versus Santeri Virtanen in Marlies zone.
6:50 of 2nd period - Brad Malone is hit by Dennis Yan.
6:55 of 2nd period - Max McCormick is hit by Cliff Pu and loses puck.
7:10 of 2nd period - Shot by Santeri Virtanen.
7:10 of 2nd period - Shot Hit the Post.
7:12 of 2nd period - Shot by Dennis Yan.
7:12 of 2nd period - Stopped by Cale Morris with a rebound.
7:14 of 2nd period - Shot by Santeri Virtanen.
7:14 of 2nd period - Shot Misses the Net.
7:16 of 2nd period - Shot by Santeri Virtanen.
7:16 of 2nd period - Shot Blocked by Calvin De Haan.
7:18 of 2nd period - Shot by Dennis Yan.
7:18 of 2nd period - Shot Misses the Net.
7:27 of 2nd period - Minor Penalty to Dylan Blujus for Interference.
7:28 of 2nd period - Derek Ryan wins face-off versus Brad Malone in Marlies zone.
7:47 of 2nd period - Shot by Chris Terry.
7:47 of 2nd period - Shot Misses the Net.
9:03 of 2nd period - Shot by Ian McCoshen.
9:03 of 2nd period - Shot Misses the Net.
9:24 of 2nd period - Shot by Brandon Davidson.
9:24 of 2nd period - Deflect By Trevor Lewis.
9:24 of 2nd period - Stopped by Cale Morris with a rebound.
9:26 of 2nd period - Shot by Brandon Davidson.
9:26 of 2nd period - Deflect By Josh Archibald.
9:26 of 2nd period - Shot Blocked by Ian McCoshen.
9:36 of 2nd period - Shot by Michael Joly.
9:36 of 2nd period - Shot Misses the Net.
9:38 of 2nd period - Shot by Michael Raffl.
9:38 of 2nd period - Shot Misses the Net.
9:40 of 2nd period - Shot by Frederik Gauthier.
9:40 of 2nd period - Shot Misses the Net.
10:00 of 2nd period - Shot by Frederik Gauthier.
10:00 of 2nd period - Shot Misses the Net.
10:02 of 2nd period - Shot by Michael Joly.
10:02 of 2nd period - Deflect By Frederik Gauthier.
10:02 of 2nd period - Shot Misses the Net.
10:34 of 2nd period - Shot by Calle Sjalin.
10:34 of 2nd period - Stopped by David Rittich without a rebound.
10:35 of 2nd period - Brett Gallant wins face-off versus Trevor Lewis in Comets zone.
12:06 of 2nd period - Icing by Matt Bartkowski.
12:07 of 2nd period - Frederik Gauthier wins face-off versus Victor Ejdsell in Comets zone.
12:18 of 2nd period - Kristian Vesalainen is hit by Michael Raffl.
12:34 of 2nd period - Shot by Michael Raffl.
12:34 of 2nd period - Shot Blocked by Victor Ejdsell.
13:24 of 2nd period - Shot by Derek Ryan.
13:24 of 2nd period - Stopped by Cale Morris without a rebound.
13:25 of 2nd period - Brad Malone wins face-off versus Trevor Lewis in Marlies zone.
13:29 of 2nd period - Off-side.
13:30 of 2nd period - Brad Malone wins face-off versus Trevor Lewis in neutral zone.
13:35 of 2nd period - Shot by Max McCormick.
13:35 of 2nd period - Shot Misses the Net.
13:37 of 2nd period - Shot by Calvin De Haan.
13:37 of 2nd period - Goal by Calvin De Haan - Marlies : 2 - Comets : 5.
13:38 of 2nd period - Brad Malone wins face-off versus Derek Ryan in neutral zone.
13:46 of 2nd period - Off-side.
13:47 of 2nd period - Derek Ryan wins face-off versus Brad Malone in neutral zone.
13:52 of 2nd period - Shot by Brandon Davidson.
13:52 of 2nd period - Shot Blocked by Calvin De Haan.
13:54 of 2nd period - Shot by Derek Ryan.
13:54 of 2nd period - Stopped by Cale Morris without a rebound.
13:55 of 2nd period - Derek Ryan wins face-off versus Brad Malone in Marlies zone.
13:57 of 2nd period - Minor Penalty to Tyler Lewington for Holding Stick.
13:58 of 2nd period - Derek Ryan wins face-off versus Brad Malone in Marlies zone.
14:36 of 2nd period - Shot by Markus Niemelainen.
14:36 of 2nd period - Shot Misses the Net.
14:59 of 2nd period - Icing by Josh Archibald.
15:00 of 2nd period - Trevor Lewis wins face-off versus Brad Malone in Comets zone.
15:16 of 2nd period - Minor Penalty to Brett Gallant for Holding.
15:17 of 2nd period - Josh Archibald wins face-off versus Brad Malone in Marlies zone.
15:34 of 2nd period - Shot by Trevor Lewis.
15:34 of 2nd period - Stopped by Cale Morris without a rebound.
15:35 of 2nd period - Derek Ryan wins face-off versus Victor Ejdsell in Marlies zone.
15:38 of 2nd period - Shot by Chris Terry.
15:38 of 2nd period - Shot Blocked by Calvin De Haan.
15:40 of 2nd period - Shot by Brandon Davidson.
15:40 of 2nd period - Shot Blocked by Dylan Blujus.
15:42 of 2nd period - Shot by Markus Niemelainen.
15:42 of 2nd period - Stopped by Cale Morris without a rebound.
15:43 of 2nd period - Trevor Lewis wins face-off versus Brad Malone in Marlies zone.
15:44 of 2nd period - Shot by Chase De Leo.
15:44 of 2nd period - Stopped by Cale Morris without a rebound.
15:45 of 2nd period - Chris Terry wins face-off versus Brad Malone in Marlies zone.
15:52 of 2nd period - Shot by Markus Niemelainen.
15:52 of 2nd period - Shot Misses the Net.
16:04 of 2nd period - Shot by Derek Ryan.
16:04 of 2nd period - Shot Blocked by Tyler Lewington.
16:06 of 2nd period - Shot by Oskar Lindblom.
16:06 of 2nd period - Shot Hit the Post.
16:17 of 2nd period - Derek Ryan is hit by Ian McCoshen and loses puck.
17:12 of 2nd period - Shot by Tyler Lewington.
17:12 of 2nd period - Shot Misses the Net.
17:22 of 2nd period - Michael Raffl is hit by Brett Gallant and loses puck.
17:37 of 2nd period - Shot by Cal O'Reilly.
17:37 of 2nd period - Shot Misses the Net.
17:39 of 2nd period - Shot by Calle Sjalin.
17:39 of 2nd period - Stopped by David Rittich without a rebound.
17:40 of 2nd period - Santeri Virtanen wins face-off versus Victor Ejdsell in Comets zone.
17:59 of 2nd period - Icing by Calvin De Haan.
18:00 of 2nd period - Derek Ryan wins face-off versus Victor Ejdsell in Marlies zone.
19:15 of 2nd period - Shot by Tim Schaller.
19:15 of 2nd period - Deflect By Max McCormick.
19:15 of 2nd period - Stopped by David Rittich without a rebound.
19:16 of 2nd period - Frederik Gauthier wins face-off versus Cal O'Reilly in Comets zone.
19:25 of 2nd period - Shot by Michael Joly.
19:25 of 2nd period - Shot Misses the Net.
19:29 of 2nd period - Shot by Michael Raffl.
19:29 of 2nd period - Stopped by Cale Morris without a rebound.
19:30 of 2nd period - Mitchell Heard wins face-off versus Trevor Lewis in Marlies zone.
19:30 of 2nd period - Mitchell Heard is hit by Josh Archibald.
19:53 of 2nd period - Icing by Markus Niemelainen.
19:54 of 2nd period - Trevor Lewis wins face-off versus Cal O'Reilly in Comets zone.
Goals for this period are 1 for Marlies vs 2 for Comets.
Shots for this period are 12 for Marlies vs 15 for Comets.

3rd period


0:01 of 3rd period - Derek Ryan wins face-off versus Brad Malone in neutral zone.
0:13 of 3rd period - Shot by Max McCormick.
0:13 of 3rd period - Shot Blocked by Derek Ryan.
0:15 of 3rd period - Shot by Brad Malone .
0:15 of 3rd period - The goal is going for a video replay.
0:15 of 3rd period - The goal is good.
0:15 of 3rd period - Goal by Brad Malone - Marlies : 3 - Comets : 5.
0:16 of 3rd period - Cal O'Reilly wins face-off versus Trevor Lewis in neutral zone.
0:41 of 3rd period - Icing by Ian McCoshen.
0:42 of 3rd period - Derek Ryan wins face-off versus Cal O'Reilly in Marlies zone.
0:57 of 3rd period - Shot by Oskar Lindblom.
0:57 of 3rd period - Shot Misses the Net.
0:59 of 3rd period - Shot by Derek Ryan.
0:59 of 3rd period - Deflect By Oskar Lindblom.
0:59 of 3rd period - Stopped by Cale Morris without a rebound.
1:00 of 3rd period - Brad Malone wins face-off versus Frederik Gauthier in Marlies zone.
1:00 of 3rd period - Brad Malone is hit by Michael Joly.
1:12 of 3rd period - Shot by Tim Schaller.
1:12 of 3rd period - Shot Misses the Net.
1:14 of 3rd period - Shot by Calvin De Haan.
1:14 of 3rd period - Stopped by David Rittich without a rebound.
1:15 of 3rd period - Derek Ryan wins face-off versus Kristian Vesalainen in Comets zone.
1:17 of 3rd period - Icing by Oskar Lindblom.
1:18 of 3rd period - Brad Malone wins face-off versus Derek Ryan in Comets zone.
1:19 of 3rd period - Shot by Dylan Blujus.
1:19 of 3rd period - Stopped by David Rittich without a rebound.
1:20 of 3rd period - Derek Ryan wins face-off versus Brad Malone in Comets zone.
1:46 of 3rd period - Off-side.
1:47 of 3rd period - Trevor Lewis wins face-off versus Cal O'Reilly in neutral zone.
2:10 of 3rd period - Off-side.
2:11 of 3rd period - Brad Malone wins face-off versus Derek Ryan in neutral zone.
2:44 of 3rd period - Shot by Derek Ryan.
2:44 of 3rd period - Deflect By Chris Terry.
2:44 of 3rd period - Stopped by Cale Morris without a rebound.
2:45 of 3rd period - Cal O'Reilly wins face-off versus Chase De Leo in Marlies zone.
3:30 of 3rd period - Off-side.
3:31 of 3rd period - Derek Ryan wins face-off versus Brad Malone in neutral zone.
3:31 of 3rd period - Derek Ryan is hit by Brad Malone .
4:18 of 3rd period - Dylan Blujus is hit by Brandon Davidson and loses puck.
4:34 of 3rd period - Minor Penalty to Dylan Blujus for Hooking.
4:35 of 3rd period - Brett Gallant wins face-off versus Trevor Lewis in Marlies zone.
5:15 of 3rd period - Shot by Josh Archibald.
5:15 of 3rd period - Shot Misses the Net.
5:33 of 3rd period - Shot by Oskar Lindblom.
5:33 of 3rd period - Shot Blocked by Victor Ejdsell.
6:17 of 3rd period - Shot by Matt Bartkowski.
6:17 of 3rd period - Shot Misses the Net.
6:19 of 3rd period - Shot by Josh Archibald.
6:19 of 3rd period - Shot Blocked by Calvin De Haan.
6:37 of 3rd period - Shot by Mitchell Heard.
6:37 of 3rd period - Stopped by David Rittich without a rebound.
6:38 of 3rd period - Frederik Gauthier wins face-off versus Mitchell Heard in Comets zone.
6:43 of 3rd period - Calle Sjalin is hit by Michael Joly and loses puck.
6:49 of 3rd period - Minor Penalty to Frederik Gauthier for Slashing.
6:50 of 3rd period - Oskar Lindblom wins face-off versus Cal O'Reilly in Comets zone.
7:37 of 3rd period - Shot by Brad Malone .
7:37 of 3rd period - Stopped by David Rittich with a rebound.
7:39 of 3rd period - Shot by Max McCormick.
7:39 of 3rd period - Stopped by David Rittich with a rebound.
7:41 of 3rd period - Shot by Tim Schaller.
7:41 of 3rd period - Shot Misses the Net.
7:43 of 3rd period - Shot by Max McCormick.
7:43 of 3rd period - Shot Blocked by Markus Niemelainen.
7:45 of 3rd period - Shot by Dylan Blujus.
7:45 of 3rd period - Stopped by David Rittich without a rebound.
7:46 of 3rd period - Oskar Lindblom wins face-off versus Loui Eriksson in Comets zone.
7:46 of 3rd period - Oskar Lindblom is hit by Cal O'Reilly.
8:09 of 3rd period - Off-side.
8:10 of 3rd period - Oskar Lindblom wins face-off versus Brad Malone in neutral zone.
8:23 of 3rd period - Shot by Max McCormick.
8:23 of 3rd period - Stopped by David Rittich without a rebound.
8:24 of 3rd period - Brad Malone wins face-off versus Oskar Lindblom in Comets zone.
8:27 of 3rd period - Shot by Brad Malone .
8:27 of 3rd period - Shot Misses the Net.
8:52 of 3rd period - Shot by Michael Joly.
8:52 of 3rd period - Stopped by Cale Morris without a rebound.
8:53 of 3rd period - Cal O'Reilly wins face-off versus Frederik Gauthier in Marlies zone.
8:59 of 3rd period - Calle Sjalin is hit by Kevin Czucman and loses puck.
9:56 of 3rd period - Brendan Smith is hit by Victor Ejdsell and loses puck.
10:46 of 3rd period - Shot by Trevor Lewis.
10:46 of 3rd period - Shot Blocked by Dylan Blujus.
10:48 of 3rd period - Shot by Chase De Leo.
10:48 of 3rd period - Shot Misses the Net.
11:08 of 3rd period - Shot by Trevor Lewis.
11:08 of 3rd period - Stopped by Cale Morris without a rebound.
11:09 of 3rd period - Dennis Yan wins face-off versus Brad Malone in Marlies zone.
11:36 of 3rd period - Shot by Max McCormick.
11:36 of 3rd period - Shot Misses the Net.
11:44 of 3rd period - Shot by Max McCormick.
11:44 of 3rd period - Shot Misses the Net.
13:10 of 3rd period - Shot by Mathias Brome .
13:10 of 3rd period - Shot Blocked by Brandon Davidson.
13:12 of 3rd period - Shot by Brad Malone .
13:12 of 3rd period - Deflect By Mathias Brome .
13:12 of 3rd period - Shot Blocked by Markus Niemelainen.
13:14 of 3rd period - Shot by Dylan Blujus.
13:14 of 3rd period - Shot Misses the Net.
13:16 of 3rd period - Shot by Mitchell Heard.
13:16 of 3rd period - Shot Misses the Net.
13:18 of 3rd period - Shot by Calvin De Haan.
13:18 of 3rd period - Stopped by David Rittich without a rebound.
13:19 of 3rd period - Trevor Lewis wins face-off versus Victor Ejdsell in Comets zone.
13:55 of 3rd period - Josh Archibald is hit by Ian McCoshen.
14:13 of 3rd period - Shot by Loui Eriksson.
14:13 of 3rd period - Shot Misses the Net.
14:32 of 3rd period - Icing by Chris Terry.
14:33 of 3rd period - Derek Ryan wins face-off versus Brad Malone in Comets zone.
14:42 of 3rd period - Shot by Max McCormick.
14:42 of 3rd period - Stopped by David Rittich with a rebound.
14:52 of 3rd period - Shot by Oskar Lindblom.
14:52 of 3rd period - Shot Misses the Net.
14:54 of 3rd period - Shot by Chris Terry.
14:54 of 3rd period - Shot Misses the Net.
14:56 of 3rd period - Shot by Derek Ryan.
14:56 of 3rd period - Stopped by Cale Morris with a rebound.
15:35 of 3rd period - Off-side.
15:36 of 3rd period - Santeri Virtanen wins face-off versus Cal O'Reilly in neutral zone.
16:05 of 3rd period - Shot by Cliff Pu.
16:05 of 3rd period - Stopped by Cale Morris without a rebound.
16:06 of 3rd period - Trevor Lewis wins face-off versus Victor Ejdsell in Marlies zone.
16:41 of 3rd period - Shot by Chase De Leo.
16:41 of 3rd period - Shot Misses the Net.
17:03 of 3rd period - Shot by Brett Gallant.
17:03 of 3rd period - Shot Blocked by Griffin Reinhart.
17:05 of 3rd period - Shot by Cal O'Reilly.
17:05 of 3rd period - Shot Blocked by Kevin Czucman.
17:23 of 3rd period - Shot by Cal O'Reilly.
17:23 of 3rd period - Shot Misses the Net.
17:25 of 3rd period - Shot by Loui Eriksson.
17:25 of 3rd period - Shot Misses the Net.
17:26 of 3rd period - Minor Penalty to Griffin Reinhart for Charging.
17:27 of 3rd period - Brad Malone wins face-off versus Oskar Lindblom in Comets zone.
18:00 of 3rd period - Shot by Tyler Lewington.
18:00 of 3rd period - Shot Blocked by Brendan Smith.
Goals for this period are 1 for Marlies vs 0 for Comets.
Shots for this period are 10 for Marlies vs 6 for Comets.